 Dungeon Crawl Stone Soup version 0.27-a0-1332-g84bddb5ca7 (webtiles) character file.

Game seed: 15861664807042823501

7 dinky3 the Sneak (level 1, -1/9 HPs)
             Began as a Spriggan Enchanter on June 25, 2021.
             Frozen to death by an endoplasm (4 damage)
             ... on level 2 of the Dungeon.
             The game lasted 00:01:25 (216 turns).

dinky3 the Sneak (Spriggan Enchanter)                Turns: 216, Time: 00:01:26

Health: -1/9       AC:  2    Str:  4    XL:     1   Next: 83%
Magic:  5/5        EV: 17    Int: 16    God:
Gold:   0          SH:  0    Dex: 15    Spells: 4/5 levels left

rFire    . . .     SeeInvis +   a - +1 dagger
rCold    . . .     Faith    .   (shield restricted)
rNeg     . . .     Spirit   .   b - +0 robe
rPois    .         Reflect  .   (helmet restricted)
rElec    .         Harm     .   (no cloak)
rCorr    .         Rampage  .   (gloves unavailable)
Will     .....                  (boots unavailable)
Stlth    +++.......             (no amulet)
HPRegen  0.03/turn              (no ring)
MPRegen  0.09/turn              (no ring)

@: very quick
A: very small, no large weapons, unfitting armour, see invisible, speed 3
a: no special abilities


You were on level 2 of the Dungeon.
You visited 1 branch of the dungeon, and saw 2 of its levels.

Inventory:

Hand Weapons
 a - a +1 dagger (weapon)
Armour
 b - a +0 robe (worn)
Wands
 f - a wand of flame (19)
Scrolls
 c - 2 scrolls of amnesia {unknown}
 e - a scroll of holy word {unknown}
 g - a scroll of noise {unknown}
Potions
 d - a potion of heal wounds {unknown}


   Skills:
 + Level 1.5 Short Blades
 - Level 2.6 Dodging
 + Level 4.7 Stealth
 - Level 2.6 Spellcasting
 + Level 3.8 Hexes


You had 4 spell levels left.
You knew the following spells:

 Your Spells              Type           Power      Damage    Failure   Level
a - Corona                Hex            15%        N/A       4%          1

Your spell library contained the following spells:

 Spells                   Type           Power      Damage    Failure   Level
 Confusing Touch          Hex            14%        N/A       12%         3
 Tukima's Dance           Hex            14%        N/A       12%         3
 Ensorcelled Hibernation  Hex/Ice        16%        N/A       13%         2
 Dazzling Flash           Conj/Hex       16%        N/A       26%         3


Dungeon Overview and Level Annotations

Branches:
Dungeon (2/15)

Altars:

Shops:
D:2 ?


Innate Abilities, Weirdness & Mutations

You are very small and have problems with some larger weapons.
You are too small for most types of armour.
You have supernaturally acute eyesight. (SInv)
You cover ground extremely quickly. (Speed+++)


Message History

There is an open door here.
You hit the frilled lizard.
You kill the frilled lizard!
You hit the kobold but do no damage. The kobold hits you but does no damage.
You hit the kobold.
The kobold is moderately wounded.
The kobold closely misses you.
You closely miss the kobold.
The kobold is moderately wounded.
The kobold closely misses you.
You hit the kobold.
The kobold is heavily wounded.
The kobold hits you with a +0 dagger.
You closely miss the kobold.
The kobold is heavily wounded.
The kobold barely misses you.
You hit the kobold.
You kill the kobold!
The goblin unwields a +0 dagger.
The goblin wields a +0 hunting sling.
The goblin shoots a stone.
The stone hits you.
Ouch! That really hurt!
* * * LOW HITPOINT WARNING * * *
Unknown command.
You open the door.
Found a scroll labelled ISAOHA CALUSUBRIFU.
Found Ehudino's Magic Scroll Emporium.
Found a scroll labelled ISAOHA CALUSUBRIFU.
There is an open door here.
You close the door.
An endoplasm comes into view.
You see here a scroll labelled ISAOHA CALUSUBRIFU.
A hobgoblin comes into view.
The hobgoblin shouts!
Found a pair of embroidered boots.
Found a stone staircase leading down.
You see here a scroll labelled ISAOHA CALUSUBRIFU.
g - a scroll labelled ISAOHA CALUSUBRIFU A dart slug comes into view.
The endoplasm freezes you.
You are frozen.
You die...

. #.. [...... ...
>...... ....
.......#####..w.
.......#.?....
.......#.∩g#
........@..#
........J.##.#...
.................
.......#.###.####
.......#.# ..
########+########
#............#
#.........##.#
#####............#


You could see a dart slug (wandering), an endoplasm and a hobgoblin.

Vanquished Creatures
  A worm (D:2)
  A kobold (D:2)
  2 frilled lizards
  A rat (D:1)
5 creatures vanquished.

Notes
Turn   | Place    | Note
-------+----------+-------------------------------------------
     0 | D:1      | dinky3 the Spriggan Enchanter began the quest for the Orb.
     0 | D:1      | Reached XP level 1. HP: 9/9 MP: 5/5
   202 | D:2      | Found Ehudino's Magic Scroll Emporium.
   216 | D:2      | Frozen to death by an endoplasm

Illustrated notes

Levels and vault maps discovered:
D:1:      minmay_arrival_widening_spiral_wide, layout_rooms,
          basic_ecumenical_altar
D:2:      layout_basic, serial_shops, shop_scrolls,
          minmay_fractal_squares_gapless_5

Action                   || total
-------------------------++-------
Melee: Dagger            ||    12
 Cast: Corona            ||     1
 Stab: Sleeping          ||     1
Armor: Robe              ||     3
Dodge: Dodged            ||    12

Table legend: (Time is in decaauts)
 A = Elapsed time spent in this place.
 B = Non-inter-level travel time spent in this place.
 C = Inter-level travel time spent in this place.
 D = Time resting spent in this place.
 E = Time spent auto-exploring this place.
 F = Levels seen in this place.
 G = Mean time per level.
                   A        B        C        D        E       F      G
               +--------+--------+--------+--------+--------+-----+--------+
         Total |    141 |    141 |      0 |      0 |      0 |   2 |   70.5 |
       Dungeon |    141 |    141 |      0 |      0 |      0 |   2 |   70.5 |
               +--------+--------+--------+--------+--------+-----+--------+

Top non-repeatable levels by time:
     D:1: 87 daAuts
     D:2: 53 daAuts
